[Event "Titled Tuesday Blitz April 4 Late 2023"]
[White "Holt, Conrad"]
[Black "Zakhartsov, Vladimir"]
[WhiteFideId "2034387"]
[BlackFideId "4145097"]
[WhiteElo "2592"]
[BlackElo "2497"]
[Result "1-0"]
[Round "07"]
[TimeControl "180+2"]
[Date "2023.04.04"]
[WhiteClock "0:01:23"]
[BlackClock "0:00:08"]

1. d4 Nf6 2. c4 e6 3. Nc3 Bb4 4. Qc2 d5 5. cxd5 exd5 6. Bg5 h6 7. Bxf6 Qxf6 8. a3 Bxc3+ 9. Qxc3 c6 10. e3 O-O 11. Ne2 Bf5 12. Ng3 Bh7 13. Be2 Nd7 14. O-O Qe7 15. b4 Rac8 16. a4 f5 17. Nh5 f4 18. Bg4 fxe3 19. Qxe3 Rce8 20. Qxe7 Rxe7 21. Rfe1 Rfe8 22. Rxe7 Rxe7 23. Bxd7 Rxd7 24. Re1 Kf7 25. f4 b6 26. Kf2 Bc2 27. a5 bxa5 28. bxa5 Rb7 29. Rc1 Rb2 30. Ng3 Ke6 31. Re1+ Kd7 32. Re2 c5 33. Nf5 g6 34. Ne7 cxd4 35. Nxg6 d3 36. Ne5+ 1-0


[Site "https://www.chess.com"]

[Event "Titled Tuesday Blitz April 4 Late 2023"]
[White "Makarian, Rudik"]
[Black "Beerdsen, Thomas"]
[WhiteFideId "44105681"]
[BlackFideId "1030108"]
[WhiteElo "2430"]
[BlackElo "2547"]
[Result "0-1"]
[Round "07"]
[TimeControl "180+2"]
[Date "2023.04.04"]
[WhiteClock "0:00:12"]
[BlackClock "0:01:23"]

1. d4 Nf6 2. c4 a6 3. Nc3 b5 4. cxb5 axb5 5. Nxb5 e5 6. dxe5 Ne4 7. Nc3 Bb4 8. Qd4 Ra4 9. Qd3 Na6 10. Qc2 Nac5 11. Nf3 O-O 12. g3 d5 13. exd6 Bf5 14. Qd1 Nxc3 15. bxc3 Bxc3+ 16. Bd2 Bxa1 17. Qxa1 Qxd6 18. Bg2 Nb3 19. Qb2 Nxd2 20. Nxd2 Rd8 21. e3 Rb4 22. Qc1 Bd3 23. Nb3 h6 24. Bf1 Be4 25. Rg1 Bf3 26. Be2 Bxe2 27. Kxe2 Qa6+ 28. Kf3 Qa8+ 29. Ke2 Qxa2+ 30. Nd2 Rxd2+ 0-1


[Site "https://www.chess.com"]

[Event "Titled Tuesday Blitz April 4 Late 2023"]
[White "Rodshtein, Maxim"]
[Black "Bachmann, Axel"]
[WhiteFideId "2806851"]
[BlackFideId "3700488"]
[WhiteElo "2555"]
[BlackElo "2605"]
[Result "1-0"]
[Round "07"]
[TimeControl "180+2"]
[Date "2023.04.04"]
[WhiteClock "0:00:42"]
[BlackClock "0:00:02"]

1. Nf3 Nf6 2. d4 e6 3. Bf4 c5 4. e3 d5 5. c3 Nc6 6. Nbd2 cxd4 7. exd4 Nh5 8. Be3 Bd6 9. g3 Nf6 10. Bd3 O-O 11. O-O h6 12. Re1 Ng4 13. Nf1 Re8 14. Bc2 e5 15. dxe5 Ncxe5 16. Nxe5 Nxe5 17. Qxd5 Bd7 18. Nd2 Bc6 19. Qd4 Qf6 20. Be4 Rad8 21. Bxc6 bxc6 22. Qe4 Bb8 23. Bd4 c5 24. Bxe5 Rxe5 25. Qc2 Rh5 26. Nf1 c4 27. Re4 Qc6 28. Rae1 Ra5 29. a3 Bc7 30. Qe2 Rc5 31. Nd2 Rc8 32. Re8+ Rxe8 33. Qxe8+ Kh7 34. Qxc6 Rxc6 35. Re4 Rd6 36. Nxc4 Rd1+ 37. Kg2 1-0


[Site "https://www.chess.com"]

[Event "Titled Tuesday Blitz April 4 Late 2023"]
[White "Bakalchuk, Johnatan"]
[Black "Paravyan, David"]
[WhiteFideId "2810301"]
[BlackFideId "4194985"]
[WhiteElo "2450"]
[BlackElo "2563"]
[Result "0-1"]
[Round "07"]
[TimeControl "180+2"]
[Date "2023.04.04"]
[WhiteClock "0:00:04"]
[BlackClock "0:00:03"]

1. e4 e5 2. Nf3 Nf6 3. Nxe5 d6 4. Nf3 Nxe4 5. Nc3 Nxc3 6. dxc3 Be7 7. Bd3 O-O 8. Be3 Nd7 9. Qd2 Nc5 10. O-O-O Nxd3+ 11. Qxd3 Qd7 12. Rhe1 Qf5 13. Nd4 Qxd3 14. Rxd3 Bd7 15. Bf4 Bf6 16. Nf3 Rfe8 17. Rde3 Rxe3 18. Bxe3 a5 19. Bd4 Bd8 20. c4 f6 21. Nd2 Kf7 22. Ne4 Be6 23. b3 a4 24. Nc3 axb3 25. axb3 c6 26. Kb2 Bc7 27. Be3 h5 28. h4 Ba5 29. Rd1 d5 30. cxd5 Bxc3+ 31. Kxc3 Bxd5 32. g3 Ra2 33. Rd4 b5 34. Rd2 Ke6 35. Kd4 Ra1 36. c4 bxc4 37. bxc4 Ra4 38. Rc2 Kf5 39. Kc5 Bf3 40. Rd2 Ra1 41. Rd7 Kg6 42. Bf4 Ra2 43. Be3 Rc2 44. Kb4 Be2 45. c5 Bf3 46. Ka5 Rb2 47. Rc7 Rb5+ 48. Ka6 Rb2 49. Ka5 Rb5+ 50. Ka6 Bd5 51. Rd7 Rb2 52. Ka5 Bf3 53. Rd6 Bg2 54. Rd7 Be4 55. Ka6 Bf3 56. Ka5 Rb1 57. Ka6 Rb3 58. Ka5 Bg2 59. Ka6 Be4 60. Bf4 Bf5 61. Rc7 Bd3+ 62. Ka5 Rb5+ 63. Ka4 Rxc5 64. Bd6 Rc2 65. Bf8 Rxf2 66. Rxg7+ Kf5 67. Bd6 Rc2 68. Kb4 Rc4+ 69. Kb3 c5 70. Rc7 Rd4 71. Bxc5 Rd5 72. Be3 Be4 73. Bf4 Rd3+ 74. Kc4 Rd1 75. Rc5+ Kg4 76. Kb4 f5 77. Kc3 Rd3+ 78. Kc4 Rd1 79. Rc7 Rd3 80. Rg7+ Kf3 81. Rc7 Rd1 82. Kc5 Kg4 83. Rg7+ Kh3 84. Rg5 Bf3 85. Rxf5 Bg4 86. Rg5 Rd3 87. Kc4 Rd1 88. Kc5 Rd3 89. Kc4 Rd1 90. Rd5 Be6 0-1


[Site "https://www.chess.com"]

[Event "Titled Tuesday Blitz April 4 Late 2023"]
[White "Mammadov, Zaur"]
[Black "Bortnyk, Olexandr"]
[WhiteFideId "13401033"]
[BlackFideId "14120828"]
[WhiteElo "2441"]
[BlackElo "2734"]
[Result "1/2-1/2"]
[Round "07"]
[TimeControl "180+2"]
[Date "2023.04.04"]
[WhiteClock "0:00:15"]
[BlackClock "0:00:08"]

1. e4 Nf6 2. e5 Nd5 3. c4 Nb6 4. c5 Nd5 5. d4 d6 6. cxd6 cxd6 7. Nf3 Nc6 8. Bc4 e6 9. O-O Be7 10. Qe2 O-O 11. Rd1 Kh8 12. Bd2 f5 13. Bxd5 exd5 14. Bf4 g5 15. exd6 Bf6 16. Be5 g4 17. Bxf6+ Qxf6 18. Ne5 Qxd6 19. Nc3 f4 20. Qd2 Be6 21. Re1 Rf6 22. Rac1 Rg8 23. Na4 g3 24. fxg3 fxg3 25. hxg3 Rxg3 26. Re3 Rg8 27. Rce1 Bf5 28. Nxc6 bxc6 29. Nc5 Rh6 30. Re5 Bh3 31. R1e2 Rhg6 32. Re8 Rxe8 33. Rxe8+ Kg7 34. Re2 Qg3 35. Re7+ Kf8 36. Re2 Kg7 37. Re7+ Kg8 38. Re8+ Kf7 39. Re2 Bf5 40. Rf2 Rf6 41. Qa5 Qe3 42. Qc7+ Kg6 43. Qf4 Qxf4 44. Rxf4 h5 45. Kf2 Rf7 46. b4 Re7 47. a3 Bg4 48. Rf8 Re2+ 49. Kg3 Re3+ 50. Kf4 Rxa3 51. Rd8 Ra2 52. Rd6+ Kf7 53. g3 Rf2+ 54. Kg5 Rf5+ 55. Kh4 Rf2 56. Rxc6 Rd2 57. Kg5 Rxd4 58. Rc7+ Ke8 59. Rxa7 Rxb4 60. Kf6 Kd8 61. Rg7 d4 62. Ke5 Rc4 63. Kd5 Rc1 64. Kd6 Ke8 65. Kd5 Rd1 66. Ne4 Bf3 67. Rg5 d3 68. Re5+ Kd7 69. Kd4 Bxe4 70. Rxe4 Rg1 71. Kxd3 Rxg3+ 72. Ke2 Rg5 73. Kf3 Kd6 74. Kf4 Rg4+ 75. Kf3 Rg5 76. Kf4 Ra5 77. Kg3 Kd5 78. Re1 Ra4 79. Rh1 Rg4+ 80. Kf3 Rg5 81. Kf4 Re5 82. Rd1+ Ke6 83. Ra1 Rf5+ 84. Kg3 Kf6 85. Kh4 Rb5 86. Ra6+ Kf7 87. Rd6 Rc5 88. Rh6 Rc1 89. Kxh5 Rh1+ 90. Kg5 Rg1+ 91. Kf5 Kg7 92. Rc6 Rf1+ 93. Kg5 Ra1 94. Rc7+ Kf8 95. Kf6 Ra6+ 96. Ke5 Ke8 97. Kd5 Kd8 98. Rc6 Rxc6 99. Kxc6 1/2-1/2


[Site "https://www.chess.com"]

[Event "Titled Tuesday Blitz April 4 Late 2023"]
[White "Svane, Rasmus"]
[Black "Timofeev, Artyom"]
[WhiteFideId "4657101"]
[BlackFideId "4140419"]
[WhiteElo "2597"]
[BlackElo "2586"]
[Result "1-0"]
[Round "07"]
[TimeControl "180+2"]
[Date "2023.04.04"]
[WhiteClock "0:01:06"]
[BlackClock "0:00:02"]

1. Nf3 c5 2. c4 Nf6 3. Nc3 d5 4. cxd5 Nxd5 5. e3 e6 6. Nxd5 exd5 7. Be2 Nc6 8. d4 Be6 9. O-O Rc8 10. b3 Be7 11. dxc5 Bxc5 12. Bb2 O-O 13. Rc1 Qe7 14. Qd3 Bb6 15. Rfd1 h6 16. h3 a6 17. Qb1 Rfd8 18. Bd3 Nb4 19. Bh7+ Kh8 20. Rxc8 Rxc8 21. Bf5 Kg8 22. a3 Nc6 23. b4 Rd8 24. Bh7+ Kh8 25. Bf5 Kg8 26. Bc3 Rc8 27. Ba1 Rd8 28. Qb2 Qf8 29. Qc2 Qe7 30. Bd3 Rc8 31. Qb2 Qf8 32. b5 axb5 33. Bxb5 Bc5 34. a4 Be7 35. Bd3 Rb8 36. Bb1 Bf6 37. Qc2 Qd8 38. Qh7+ Kf8 39. Qh8+ Ke7 40. Bxf6+ Kxf6 41. Qh7 Qb6 42. Nd4 Nxd4 43. Rxd4 Rc8 44. Bd3 Rc1+ 45. Kh2 Qc7+ 46. Rf4+ Ke7 47. Qxg7 Qd6 48. Qxh6 d4 49. Qf6+ Kd7 50. Qxd4 1-0


[Site "https://www.chess.com"]

[Event "Titled Tuesday Blitz April 4 Late 2023"]
[White "Xiong, Jeffery"]
[Black "Szpar, Milosz"]
[WhiteFideId "2047640"]
[BlackFideId "1184989"]
[WhiteElo "2726"]
[BlackElo "2436"]
[Result "1-0"]
[Round "07"]
[TimeControl "180+2"]
[Date "2023.04.04"]
[WhiteClock "0:00:25"]
[BlackClock "0:00:01"]

1. e4 e6 2. d4 d5 3. e5 c5 4. c3 Nc6 5. Nf3 Bd7 6. Be2 Nge7 7. Na3 cxd4 8. cxd4 Nf5 9. Nc2 Rc8 10. O-O a6 11. Bd3 Be7 12. a3 b5 13. Bxf5 exf5 14. Qd3 Be6 15. Bd2 g5 16. Rfc1 f4 17. Nfe1 Qd7 18. Qe2 h5 19. Nd3 h4 20. h3 Rg8 21. f3 Bf5 22. Bb4 Bxd3 23. Qxd3 Nd8 24. Bxe7 Kxe7 25. Nb4 Ne6 26. Nxa6 Qa7 27. Nb4 Qxd4+ 28. Kf1 Qxd3+ 29. Nxd3 Nd4 30. Rxc8 Rxc8 31. Rd1 Nf5 32. Rd2 Ne3+ 33. Ke2 Ke6 34. Kf2 d4 35. Ke1 Kd5 36. Kf2 Kc4 37. Nb4 Re8 38. Re2 Rxe5 39. Re1 Kb3 40. Nd3 Re7 41. Rc1 Nc4 42. Nc5+ Kxb2 43. Rd1 Kxa3 44. Rxd4 Kb4 45. Ne4 Ra7 46. Nxg5 Kc3 47. Rxf4 Ra2+ 48. Kg1 Ne3 49. Ne4+ Kd3 50. Rxh4 Rxg2+ 51. Kh1 Rc2 52. Nd6 Ke2 53. Rf4 Rc1+ 54. Kh2 Nf1+ 55. Kg2 Ne3+ 56. Kg3 Rg1+ 57. Kh2 Rb1 58. Rxf7 b4 59. Ne4 Rb2 60. Kg3 Rb1 61. Kf4 Ng2+ 62. Ke5 1-0


[Site "https://www.chess.com"]

[Event "Titled Tuesday Blitz April 4 Late 2023"]
[White "Hirneise, Jens"]
[Black "Movahed, Sina"]
[WhiteFideId "24614734"]
[BlackFideId "42520835"]
[WhiteElo "2345"]
[BlackElo "2225"]
[Result "1/2-1/2"]
[Round "07"]
[TimeControl "180+2"]
[Date "2023.04.04"]
[WhiteClock "0:00:16"]
[BlackClock "0:00:18"]

1. c4 Nf6 2. e3 g6 3. b3 Bg7 4. Bb2 O-O 5. Nf3 d6 6. d4 Nbd7 7. Nc3 e5 8. dxe5 dxe5 9. Be2 e4 10. Nd2 Nc5 11. O-O Re8 12. b4 Nd3 13. Bxd3 exd3 14. h3 a5 15. a3 b6 16. Qf3 Rb8 17. Nd5 Nd7 18. Bxg7 Kxg7 19. Qf4 Ne5 20. Qd4 c6 21. Nc3 Qxd4 22. exd4 Nd7 23. Rfe1 Rxe1+ 24. Rxe1 axb4 25. axb4 Ra8 26. Re3 Ra1+ 27. Kh2 Ra3 28. Rxd3 Ba6 29. d5 cxd5 30. b5 Nc5 31. Rg3 Bb7 32. Nxd5 Ra2 33. Nf3 Bxd5 34. cxd5 Rb2 35. Nd4 Rd2 36. Nb3 Nxb3 37. Rxb3 Rxd5 38. Kg3 Kf6 39. f4 Ke6 40. Kf3 Kd6 41. Ke4 f5+ 42. Ke3 Kc5 43. Rc3+ Kxb5 44. Rc7 h5 45. Rg7 Rd6 46. Kf3 Kb4 47. g4 fxg4+ 48. hxg4 hxg4+ 49. Kxg4 b5 50. Kg5 Ka3 51. Rxg6 Rxg6+ 52. Kxg6 b4 53. f5 b3 54. f6 b2 55. f7 b1=Q+ 56. Kg7 Qg1+ 57. Kh8 Qh2+ 58. Kg8 Qg3+ 59. Kh8 Qf4 60. Kg8 Qg5+ 61. Kh8 Qh6+ 62. Kg8 Qg6+ 63. Kh8 Qxf7 1/2-1/2


[Site "https://www.chess.com"]

[Event "Titled Tuesday Blitz April 4 Late 2023"]
[White "Vakhlamov, Igor L."]
[Black "Aydincelebi, Kagan"]
[WhiteFideId "24126748"]
[BlackFideId "6361102"]
[WhiteElo "2400"]
[BlackElo "2180"]
[Result "1/2-1/2"]
[Round "07"]
[TimeControl "180+2"]
[Date "2023.04.04"]
[WhiteClock "0:00:06"]
[BlackClock "0:00:08"]

1. e4 c5 2. Nf3 Nc6 3. Nc3 Nf6 4. Bb5 d6 5. d4 cxd4 6. Qxd4 Bd7 7. Bxc6 bxc6 8. e5 dxe5 9. Nxe5 Be6 10. Qxd8+ Rxd8 11. Nxc6 Rd7 12. Be3 a6 13. O-O Bf5 14. Rac1 e6 15. Rfd1 Bd6 16. h3 h5 17. Rd2 Bc7 18. Rcd1 Rxd2 19. Rxd2 Ne4 20. Nxe4 Bxe4 21. Bf4 Bxc6 22. Bxc7 O-O 23. b3 Rc8 24. Bf4 f6 25. Kf1 e5 26. Be3 Kf7 27. c4 Ke6 28. Bc5 Be4 29. Rd6+ Kf5 30. Bb4 Ra8 31. Ba5 Bb1 32. Rd2 Ke6 33. Ke2 Ra7 34. Rb2 Be4 35. f3 Bf5 36. b4 Rd7 37. Rb3 g5 38. a4 Bc2 39. Ra3 Bd1+ 40. Ke1 g4 41. hxg4 hxg4 42. b5 axb5 43. axb5 gxf3 44. gxf3 Bc2 45. Rc3 Ba4 46. Bb6 f5 47. Be3 e4 48. fxe4 fxe4 49. Ra3 Bc2 50. c5 Rd3 51. Ra6+ Ke5 52. Kf2 Rb3 53. c6 Bd3 54. c7 Rc3 55. Ra7 Rc2+ 56. Kg1 Bxb5 57. Ra5 Rxc7 58. Rxb5+ Ke6 59. Kf2 Rc3 60. Ke2 Rd3 61. Rh5 Kf6 62. Bf4 Rf3 63. Be5+ Ke6 64. Bd4 Kd6 65. Re5 Rh3 66. Rxe4 Kd5 67. Rg4 Rh2+ 68. Bf2 Ke5 69. Kf3 Kf5 70. Bg3 Rh1 71. Rf4+ Ke6 72. Re4+ Kd5 73. Re5+ Kd4 74. Re7 Rf1+ 75. Bf2+ Kd5 76. Ke3 Ra1 77. Rd7+ Ke6 78. Rd3 Kf5 79. Kf3 Rb1 80. Bg3 Ra1 81. Rd5+ Ke6 82. Rb5 Ra3+ 83. Kg4 Ra4+ 84. Bf4 Rc4 85. Re5+ Kf6 86. Rd5 Ke6 87. Rd6+ Ke7 88. Ra6 Rc5 89. Be3 Rd5 90. Kf4 Rb5 91. Ke4 Rh5 92. Bd4 Kf7 93. Be5 Rh1 94. Kf5 Rh5+ 95. Ke4 Rh1 96. Bf4 Ke7 97. Kf5 Rh5+ 98. Bg5+ Kd7 99. Kf6 Rh1 100. Bf4 Rf1 101. Rd6+ Kc8 102. Ke5 Kb7 103. Rd2 Re1+ 104. Kd6 Ka6 105. Be5 Kb5 106. Bd4 Kc4 107. Bc5 Rc1 108. Rd4+ Kb3 109. Kd5 Rh1 110. Rb4+ Kc3 111. Rg4 Rh5+ 112. Kc6 Rh6+ 113. Kb5 Kd3 114. Rg3+ Ke4 115. Kc4 Ra6 116. Re3+ 1/2-1/2


[Site "https://www.chess.com"]

[Event "Titled Tuesday Blitz April 4 Late 2023"]
[White "Duda, Jan-Krzysztof"]
[Black "Jaracz, Pawel"]
[WhiteFideId "1170546"]
[BlackFideId "1102222"]
[WhiteElo "2790"]
[BlackElo "2438"]
[Result "1-0"]
[Round "07"]
[TimeControl "180+2"]
[Date "2023.04.04"]
[WhiteClock "0:00:16"]
[BlackClock "0:00:23"]

1. e4 e5 2. Nf3 Nc6 3. Bb5 a6 4. Ba4 Nf6 5. O-O Nxe4 6. d4 Be7 7. Re1 b5 8. Rxe4 d5 9. Nxe5 Nxe5 10. Rxe5 bxa4 11. b3 O-O 12. Ba3 Bxa3 13. Nxa3 Qd6 14. Nb1 f6 15. Re1 Bd7 16. Nc3 Rfe8 17. Qf3 Bc6 18. h3 Rad8 19. Rxe8+ Rxe8 20. Nxa4 Bxa4 21. bxa4 Qc6 22. a5 Re4 23. Qd3 Qe6 24. Qc3 h5 25. Rf1 Kh7 26. a3 Re2 27. Qxc7 Qe4 28. c3 Re1 29. Qb7 Qe2 30. Rxe1 Qxe1+ 31. Kh2 Qxf2 32. Qxd5 Qf4+ 33. g3 Qd2+ 34. Qg2 Qxc3 35. d5 Qd3 36. h4 Kh6 37. a4 g5 38. Qf2 Kg6 39. hxg5 fxg5 40. Qb6+ Kf5 41. Qe6# 1-0


[Site "https://www.chess.com"]

[Event "Titled Tuesday Blitz April 4 Late 2023"]
[White "EREBUNI91"]
[Black "Hakobyan, Aram"]
[BlackFideId "13306677"]
[WhiteElo "2662"]
[BlackElo "2584"]
[Result "0-1"]
[Round "07"]
[TimeControl "180+2"]
[Date "2023.04.04"]
[WhiteClock "0:01:30"]
[BlackClock "0:01:39"]

1. e4 g6 2. d4 Bg7 3. Nf3 Nf6 4. e5 Ne4 5. Bd3 d5 6. exd6 Nxd6 7. O-O Bg4 8. h3 Bxf3 9. Qxf3 Nc6 10. c3 e5 11. Re1 O-O 12. dxe5 Nxe5 13. Qg3 Re8 14. Rd1 Nxd3 15. Qxd3 Nf5 16. Qf3 Qh4 17. Bf4 c6 18. Nd2 Qe7 19. Nc4 Rad8 20. Rxd8 Rxd8 21. Rd1 Rxd1+ 22. Qxd1 Qe4 0-1


[Site "https://www.chess.com"]

[Event "Titled Tuesday Blitz April 4 Late 2023"]
[White "Vidit, Santosh Gujrathi"]
[Black "Vlassov, Nikolai"]
[WhiteFideId "5029465"]
[BlackFideId "4103360"]
[WhiteElo "2651"]
[BlackElo "2324"]
[Result "1-0"]
[Round "07"]
[TimeControl "180+2"]
[Date "2023.04.04"]
[WhiteClock "0:00:32"]
[BlackClock "0:00:36"]

1. b3 e5 2. Bb2 Nc6 3. e3 a6 4. Nf3 e4 5. Nd4 Qf6 6. Qc1 Qg6 7. Ne2 Nf6 8. d3 d5 9. Nbc3 Bb4 10. a3 Bxc3+ 11. Bxc3 O-O 12. Nf4 Qf5 13. Bxf6 gxf6 14. d4 Ne7 15. c4 c6 16. cxd5 Nxd5 17. Nxd5 cxd5 18. Qc7 Be6 19. Be2 Rac8 20. Qxb7 Rc2 21. Qxa6 Bc8 22. Qd6 Re8 23. Qg3+ Kh8 24. Qf4 Qg6 25. Bd1 Qxg2 26. Qxf6+ Kg8 27. Rf1 Rb2 28. Bh5 Rf8 29. O-O-O 1-0


[Site "https://www.chess.com"]

[Event "Titled Tuesday Blitz April 4 Late 2023"]
[White "Gegenfurtner, Juergen"]
[Black "Bluebaum, Matthias"]
[WhiteFideId "24632147"]
[BlackFideId "24651516"]
[WhiteElo "2398"]
[BlackElo "2638"]
[Result "0-1"]
[Round "07"]
[TimeControl "180+2"]
[Date "2023.04.04"]
[WhiteClock "0:00:03"]
[BlackClock "0:00:34"]

1. d4 d5 2. c4 e6 3. Nf3 Nf6 4. cxd5 exd5 5. Nc3 Bb4 6. Bg5 h6 7. Bxf6 Qxf6 8. e3 O-O 9. Rc1 c6 10. Bd3 Bg4 11. h3 Bh5 12. O-O Nd7 13. a3 Bd6 14. Be2 Bg6 15. Bd3 Rfe8 16. Bxg6 Qxg6 17. Qc2 Qe6 18. Ne2 a6 19. Ne1 Nf6 20. Nd3 Ne4 21. Rce1 Qf6 22. Nc3 h5 23. Nxe4 Rxe4 24. Nc5 Bxc5 25. Qxc5 Rae8 26. Rc1 g5 27. Qb6 R8e7 28. Qd8+ Kg7 29. Rc3 Qe6 30. Re1 Qg6 31. Rd1 g4 32. Kh2 Qf5 33. Rd2 gxh3 34. gxh3 R7e6 35. Qd7 Rh4 36. e4 Qf4+ 37. Rg3+ Rg6 38. Re2 dxe4 39. Qe7 Qf6 0-1


[Site "https://www.chess.com"]

[Event "Titled Tuesday Blitz April 4 Late 2023"]
[White "Martinez Alcantara, Jose Eduardo"]
[Black "Alex_Sahakyan2006"]
[WhiteFideId "3805662"]
[WhiteElo "2711"]
[BlackElo "2625"]
[Result "1-0"]
[Round "07"]
[TimeControl "180+2"]
[Date "2023.04.04"]
[WhiteClock "0:01:09"]
[BlackClock "0:00:01"]

1. e4 Nc6 2. Nf3 d6 3. d4 Nf6 4. Nc3 g6 5. h3 Bg7 6. d5 Nb8 7. Bc4 O-O 8. a4 c6 9. O-O Nbd7 10. Qe2 Qc7 11. Bf4 Ne5 12. Bb3 Nxf3+ 13. Qxf3 Nd7 14. Qe3 Qb6 15. a5 Qxe3 16. Bxe3 c5 17. Bc4 Rb8 18. Ra2 a6 19. Na4 f5 20. exf5 gxf5 21. f4 Nf6 22. Nb6 Bd7 23. Bd3 Kh8 24. c4 Be8 25. b3 Bg6 26. Re2 Nh5 27. Kh2 Nf6 28. Bc1 Rf7 29. Bb2 h5 30. Rfe1 Ne4 31. Bxg7+ Kxg7 32. h4 Re8 33. Re3 Nf6 34. Kg1 Ng4 35. R3e2 Nf6 36. Na4 Ne4 37. Bxe4 fxe4 38. g3 Rb8 39. Kf2 Kf6 40. Re3 Bf5 41. Ra1 e5 42. dxe6 Kxe6 43. Nc3 b5 44. axb6 Rxb6 45. Nd5 Rc6 46. Ree1 Rb7 47. Ra3 Kd7 48. Nf6+ Ke6 49. Nxe4 Bxe4 50. Rxe4+ Kf5 51. Re3 Rcb6 52. Kf3 Rd7 53. Rd3 Ke6 54. Ke4 Re7 55. Rd5 Kf6+ 56. Kd3 Kg6 57. Rg5+ Kh6 58. f5 Re1 59. Kd2 Re4 60. Rg6+ Kh7 61. Rg5 Kh6 62. f6 d5 63. Rf5 Rb8 64. cxd5 Kg6 65. Rf3 Rd4+ 66. Kc2 Rxd5 67. Rxa6 Rd7 68. Rc6 1-0


[Site "https://www.chess.com"]

[Event "Titled Tuesday Blitz April 4 Late 2023"]
[White "Zhigalko, Sergei"]
[Black "Papp, Levente"]
[WhiteFideId "13502956"]
[BlackFideId "751243"]
[WhiteElo "2626"]
[BlackElo "2380"]
[Result "1-0"]
[Round "07"]
[TimeControl "180+2"]
[Date "2023.04.04"]
[WhiteClock "0:01:03"]
[BlackClock "0:00:05"]

1. e4 e6 2. d4 d5 3. e5 c5 4. c3 Nc6 5. Nf3 a6 6. Bd3 b5 7. O-O c4 8. Bc2 Bd7 9. Re1 Qb6 10. h4 h6 11. h5 Nge7 12. Nh4 Nc8 13. Qg4 N8e7 14. Nd2 b4 15. Nf1 O-O-O 16. Bd2 g5 17. Nf3 Nf5 18. b3 bxc3 19. Bxc3 Bb4 20. Bxb4 Nxb4 21. Rec1 Kb8 22. bxc4 Nxc2 23. Rab1 Bb5 24. Rxc2 dxc4 25. a4 Nxd4 26. Nxd4 Rxd4 27. Qf3 Rf4 28. Qe3 Qc6 29. axb5 axb5 30. Rcb2 1-0


[Site "https://www.chess.com"]

[Event "Titled Tuesday Blitz April 4 Late 2023"]
[White "Grigoriants, Sergey"]
[Black "Di Berardino, Diego Rafael"]
[WhiteFideId "4130804"]
[BlackFideId "2105446"]
[WhiteElo "2502"]
[BlackElo "2432"]
[Result "1-0"]
[Round "07"]
[TimeControl "180+2"]
[Date "2023.04.04"]
[WhiteClock "0:00:21"]
[BlackClock "0:00:03"]

1. d4 d5 2. c4 e6 3. Nc3 Nf6 4. Nf3 Be7 5. Bf4 O-O 6. e3 b6 7. cxd5 Nxd5 8. Nxd5 Qxd5 9. Bd3 c5 10. Qc2 f5 11. Bc4 Qd8 12. O-O-O Nc6 13. dxc5 Qe8 14. cxb6 Nb4 15. Qb3 axb6 16. a3 b5 17. Bxe6+ Bxe6 18. Qxe6+ Kh8 19. Kb1 Na6 20. Bd6 Bxd6 21. Qxe8 Raxe8 22. Rxd6 Nc5 23. Rd5 Ne4 24. Rf1 b4 25. axb4 g5 26. Nd2 Rb8 27. Nxe4 fxe4 28. Rd4 Rfe8 29. Rc1 Rb7 30. Ka2 Rf7 31. Rc2 Ref8 32. Rxe4 Rxf2 33. Rxf2 Rxf2 34. b5 1-0


[Site "https://www.chess.com"]

[Event "Titled Tuesday Blitz April 4 Late 2023"]
[White "Melkumyan, Hrant"]
[Black "Ambartsumova, Karina"]
[WhiteFideId "13302485"]
[BlackFideId "4166299"]
[WhiteElo "2604"]
[BlackElo "2240"]
[Result "1-0"]
[Round "07"]
[TimeControl "180+2"]
[Date "2023.04.04"]
[WhiteClock "0:00:09"]
[BlackClock "0:00:01"]

1. d4 Nf6 2. c4 g6 3. Nc3 Bg7 4. e4 O-O 5. Be2 d6 6. h4 e5 7. d5 Na6 8. h5 Nc5 9. Bf3 c6 10. Nge2 cxd5 11. cxd5 Bd7 12. Ng3 b5 13. b4 Na4 14. Nxa4 bxa4 15. O-O a5 16. Bd2 axb4 17. Bxb4 Qb6 18. a3 Bb5 19. Be2 Rfd8 20. Bxb5 Qxb5 21. Qf3 Rac8 22. Rfc1 Qa6 23. h6 Bh8 24. Nf1 Ne8 25. Ne3 Bf6 26. Ng4 Bg5 27. Rxc8 Rxc8 28. g3 Qc4 29. Kg2 Qc2 30. Re1 Rc4 31. Ne3 Bxe3 32. Rxe3 Qb1 33. Re1 Qc2 34. Re3 f5 35. exf5 Qxf5 36. Qxf5 gxf5 37. Rf3 f4 38. gxf4 exf4 39. Bd2 Nf6 40. Bxf4 Kf7 41. Bxd6 Kg6 42. Rg3+ Kxh6 43. Bf8+ Kh5 44. Be7 Ne4 45. Re3 Rd4 46. f3 Nd2 47. d6 Kg6 48. Rc3 Kf7 49. Kf2 Ke6 50. Ke3 Rd5 51. Kf4 Nb1 52. Re3+ Kd7 53. Bf8 h5 54. Re7+ Kxd6 55. Re1+ Kc6 56. Rxb1 h4 57. Bb4 1-0


[Site "https://www.chess.com"]

[Event "Titled Tuesday Blitz April 4 Late 2023"]
[White "Rustemov, Alexander"]
[Black "Kavutskiy, Konstantin"]
[WhiteFideId "4119002"]
[BlackFideId "2026384"]
[WhiteElo "2848"]
[BlackElo "2323"]
[Result "1-0"]
[Round "07"]
[TimeControl "180+2"]
[Date "2023.04.04"]
[WhiteClock "0:00:09"]
[BlackClock "0:00:06"]

1. d4 Nf6 2. c4 g6 3. Nf3 Bg7 4. g3 O-O 5. Bg2 d6 6. Nc3 c5 7. dxc5 dxc5 8. O-O Nc6 9. Bf4 Nh5 10. Be3 Nd4 11. Qc1 Qa5 12. Kh1 Be6 13. Nd2 Rab8 14. a3 Rfd8 15. Rd1 Nf6 16. h3 h5 17. Bf4 Rbc8 18. e3 Nc6 19. Qc2 Bf5 20. Nde4 Nxe4 21. Nxe4 Qb6 22. Rxd8+ Rxd8 23. Rb1 Rd7 24. b3 Qd8 25. g4 hxg4 26. hxg4 Bxg4 27. Nxc5 Rd2 28. Qe4 Rxf2 29. Nxb7 Qd2 30. Qxc6 Qe2 31. Kg1 Bf5 32. Rf1 Rxf1+ 33. Bxf1 Qc2 34. Nc5 Bf6 35. Qg2 Qc1 36. Ne4 Qxa3 37. Nxf6+ exf6 38. e4 Be6 39. Qf3 Qb2 40. Bg3 Kg7 41. Bf2 Qe5 42. Bg2 a5 43. Qg3 Qa1+ 44. Kh2 a4 45. bxa4 Qxa4 46. c5 Qd7 47. e5 fxe5 48. Qxe5+ Kf8 49. c6 Qc8 50. c7 Ke8 51. Bc6+ Kf8 52. Qh8+ Ke7 53. Bc5# 1-0


[Site "https://www.chess.com"]

[Event "Titled Tuesday Blitz April 4 Late 2023"]
[White "TimGrutter03"]
[Black "Maksimovic, Bojan"]
[BlackFideId "14408120"]
[WhiteElo "2579"]
[BlackElo "2468"]
[Result "1-0"]
[Round "07"]
[TimeControl "180+2"]
[Date "2023.04.04"]
[WhiteClock "0:00:06"]
[BlackClock "0:00:05"]

1. e4 c5 2. Nf3 e6 3. g3 d5 4. exd5 exd5 5. d4 Nf6 6. Bg2 Nc6 7. O-O cxd4 8. Nxd4 Be7 9. Nc3 O-O 10. Bf4 a6 11. Nb3 d4 12. Ne4 Nd5 13. Bc1 Bf5 14. Nxd4 Nxd4 15. Qxd4 Nb4 16. Qxd8 Raxd8 17. c3 Nd3 18. b3 Rfe8 19. Be3 Bg4 20. f3 Bc8 21. Bb6 Rd7 22. Rfd1 f5 23. Nf2 Nxf2 24. Kxf2 f4 25. Bf1 g5 26. Bc4+ Kg7 27. Rxd7 Bxd7 28. Re1 fxg3+ 29. hxg3 Bc6 30. Bd4+ Kg6 31. Bd3+ Kf7 32. Bxh7 Rd8 33. Be4 Bxe4 34. Rxe4 b5 35. Be3 Rd3 36. Bd4 Rd2+ 37. Re2 Rd1 38. Rc2 Ke6 39. Be3 Kf5 40. g4+ Kg6 41. Re2 Bf6 42. Bd4 Bxd4+ 43. cxd4 a5 44. Ke3 Kf6 45. Ke4 Ke6 46. Rc2 Re1+ 47. Kd3 Rd1+ 48. Ke3 Re1+ 49. Re2 Ra1 50. Ke4 Rd1 51. Rh2 Re1+ 52. Kd3 Rd1+ 53. Kc3 Rc1+ 54. Kd2 Rf1 55. Ke2 Ra1 56. Ke3 Kd5 57. Rh5 Rxa2 58. Rxg5+ Kc6 59. Rc5+ Kb6 60. g5 Ra3 61. g6 Rxb3+ 62. Kf4 Rb1 63. g7 Rg1 64. Rg5 Rxg5 65. Kxg5 b4 66. g8=Q Kb5 67. Qd5+ Ka4 68. Qa2+ Kb5 69. f4 a4 70. Qd5+ Kb6 71. Qc5+ 1-0


[Site "https://www.chess.com"]

[Event "Titled Tuesday Blitz April 4 Late 2023"]
[White "Omelja, Artem"]
[Black "Pichot, Alan"]
[WhiteFideId "14119846"]
[BlackFideId "110973"]
[WhiteElo "2404"]
[BlackElo "2573"]
[Result "0-1"]
[Round "07"]
[TimeControl "180+2"]
[Date "2023.04.04"]
[WhiteClock "0:00:02"]
[BlackClock "0:00:23"]

1. e4 c5 2. Nf3 d6 3. Bb5+ Nc6 4. O-O Bd7 5. Re1 Nf6 6. c3 a6 7. Bf1 Bg4 8. d4 cxd4 9. cxd4 Bxf3 10. gxf3 d5 11. Nc3 e6 12. Bg5 Be7 13. Bxf6 Bxf6 14. exd5 Nxd4 15. Re4 Nf5 16. dxe6 O-O 17. exf7+ Kh8 18. Qxd8 Raxd8 19. Bc4 Nd6 20. Bd5 Nxe4 21. fxe4 b5 22. f4 g5 23. fxg5 Bxg5 24. a3 Bf6 25. Rf1 Rd6 26. Rf5 Bd4+ 27. Kg2 Rf6 28. Rh5 Rf2+ 29. Kg3 Kg7 30. e5 Rxb2 31. Rg5+ Kh6 32. Ne4 Re2 33. h4 Rxf7 34. Bxf7 Rxe4 35. e6 Bf6 36. Rg4 Re3+ 37. Kf4 Rxa3 38. Kf5 Rf3+ 39. Ke4 Rf1 40. Be8 b4 41. Kd5 b3 42. Ba4 b2 43. Bc2 b1=Q 44. Bxb1 Rxb1 45. Ra4 Rb6 46. Rf4 Kg6 47. Rg4+ Kf5 48. Rg1 Rb5+ 49. Kc6 Kxe6 50. h5 Rxh5 0-1


[Site "https://www.chess.com"]